AoeStats
← xlalox corona

Glade

503346361Analyzed
1v1 RM · 1mo ago on Aug 31, 2026· 61m 53s· 2 players
Game mode
Random Map
Map size
Tiny (2 player)
Population
200
Speed
Normal
Resources
Standard
Victory
Conquest
Starting age
Dark Age
Ending age
Imperial Age
RankedLock teamsTeams togetherTeam positionsShared explorationLock speedFull tech treeHidden civsTurbo modeCheats
Victory
Defeat
🇬🇧 Mapuche · United Kingdom
1708
+16
🇲🇽 Tatars · Mexico
1714
-16
BigLez99
7:42 Loom
10:24 Feudal Age
12:13 Double-Bit Axe
18:41 Castle Age
17:10 Fletching
17:26 Horse Collar
20:17 Bodkin Arrow
24:11 Wheelbarrow
27:55 Imperial Age
26:36 Bow Saw
27:27 Masonry
28:35 Bodkin Arrow
30:41 Scale Mail Armor
30:42 Padded Archer Armor
30:50 Siege Engineers
30:55 Heavy Plow
32:17 Leather Archer Armor
33:22 Elite Skirmisher
34:30 Hand Cart
35:02 Ballistics
35:45 Chemistry
35:52 Malon
36:05 Pikeman
38:05 Conscription
41:11 Town Watch
41:34 Halberdier
42:51 Chain Mail Armor
42:50 Forging
50:03 Plate Mail Armor
53:50 Ring Archer Armor
53:56 Iron Casting
54:34 Hoardings
57:05 Gold Mining
57:05 Stone Mining
59:12 Gold Shaft Mining
60:57 Stone Shaft Mining
61:37 Butalmapu
63:28 Blast Furnace
xlalox corona
5:43 Loom
8:15 Feudal Age
9:25 Double-Bit Axe
11:58 Fletching
22:33 Castle Age
21:40 Horse Collar
24:01 Bow Saw
24:31 Wheelbarrow
26:30 Heavy Plow
29:42 Fortified Wall
34:05 Imperial Age
32:07 Bodkin Arrow
32:14 Gold Mining
32:41 Hand Cart
33:39 Padded Archer Armor
35:00 Leather Archer Armor
34:47 Bracer
34:49 Elite Skirmisher
35:04 Heavy Cavalry Archer
36:18 Bloodlines
36:39 Ring Archer Armor
37:31 Chemistry
37:49 Crop Rotation
37:59 Husbandry
37:20 Light Cavalry
38:56 Scale Barding Armor
39:03 Forging
40:11 Chain Barding Armor
40:30 Iron Casting
40:11 Hussar
42:17 Plate Barding Armor
42:47 Blast Furnace
42:33 Stone Mining
47:47 Scale Mail Armor
48:11 Man-at-Arms
48:51 Squires
48:59 Long Swordsman
50:10 Two-Handed Swordsman
58:06 Arson
58:56 Elite Skirmisher
61:50 Ballistics
Connection lost

Rejoining the realm…

Still unreachable

The connection could not be restored.

Session expired

The server has moved on; the page needs a fresh start.